 Dungeon Crawl Stone Soup version 0.28-a0-1080-g05a166d0ed (webtiles) character file.

Game seed: 3546382732860657094

111587 Gwenloh the Brawler (level 16, -3/161 HPs)
             Began as a Troll Fighter on Dec 9, 2021.
             Was the Champion of Ru.
             Slain by a goliath frog (10 damage)
             ... on level 2 of the Swamp.
             The game lasted 01:37:40 (27223 turns).

Gwenloh the Brawler (Troll Fighter)                Turns: 27223, Time: 01:37:41

Health: -3/161     AC: 11    Str: 26    XL:     16   Next: 9%
Magic:  15/15      EV:  7    Int:  6    God:    Ru [******]
Gold:   2437       SH: 16    Dex: 13    Spells: 15/15 levels left

rFire   x . .      SeeInvis .     - Unarmed
rCold   + + .      Faith    .   Q - +0 tower shield
rNeg    . . .      Spirit   .   a - +0 ice dragon scales
rPois   +          Reflect  .   (helmet restricted)
rElec   .          Harm     .   W - scarf {shadows}
rCorr   .          Rampage  .   (gloves unavailable)
Will    +....                   (boots unavailable)
Stlth   ..........              b - amulet of regeneration
HPRegen 1.96/turn               T - ring of poison resistance
MPRegen 0.14/turn               P - ring of flight

@: about to teleport, marked, flying
A: large, unfitting armour, claws 3, regeneration 1, shaggy fur 1, tough skin 1,
weak 1, no stealth, inability to use devices, hated by all, no earth magic, no
translocations magic, no transmutations magic, disrupted magic 1, unskilled 1
a: Renounce Religion, Draw Out Power, Power Leap, Apocalypse


You were on level 2 of the Swamp.
You worshipped Ru.
Ru was exalted by your worship.
You visited 5 branches of the dungeon, and saw 27 of its levels.

You collected 2560 gold pieces.
You spent 123 gold pieces at shops.

Inventory:

Hand Weapons
 M - a +0 quarterstaff
Missiles
 d - 21 boomerangs
 h - 370 stones
 C - 4 javelins
 U - 2 boomerangs of dispersal
 V - 15 large rocks (quivered)
Armour
 a - +0 ice dragon scales (worn)
 n - a +0 cloak
 G - +0 acid dragon scales
 H - +0 steam dragon scales
 Q - a +0 tower shield (worn)
 W - a scarf of shadows (worn)
 X - a +0 troll leather armour
Jewellery
 b - an amulet of regeneration (around neck)
 e - a ring of fire
 j - a ring of positive energy
 k - a +6 ring of dexterity
 m - an amulet of the acrobat
 o - a +6 ring of strength
 r - an amulet of reflection
 w - a +4 ring of protection
 B - a ring of protection from cold
 P - a ring of flight (right claw)
 T - a ring of poison resistance (left claw)
Scrolls
 f - 3 scrolls of enchant armour
 p - 7 scrolls of immolation
 q - a scroll of brand weapon
 t - 8 scrolls of blinking
 u - 6 scrolls of fog
 y - 2 scrolls of enchant weapon
 z - 11 scrolls of teleportation
 E - a scroll of holy word
 N - 3 scrolls of silence
 O - 3 scrolls of fear
Potions
 c - 4 potions of might
 g - 4 potions of magic
 i - 3 potions of ambrosia
 l - 6 potions of brilliance
 s - 5 potions of mutation
 v - 3 potions of attraction
 A - 2 potions of invisibility
 D - 2 potions of flight {unknown}
 F - 3 potions of haste {unknown}
 J - 5 potions of curing
 K - 2 potions of resistance {unknown}
 R - 3 potions of cancellation
 Y - a potion of berserk rage {unknown}
 Z - a potion of degeneration {unknown}


   Skills:
 + Level 10.6 Fighting
 + Level 11.3 Throwing
 - Level 2.3 Dodging
 + Level 10.7 Shields
 * Level 17.1 Unarmed Combat


You had 15 spell levels left.
You didn't know any spells.
Your spell library contained the following spells:

 Spells                   Type           Power      Damage    Failure   Level
 Freeze                   Ice            0%         1d3       99%         1
 Corpse Rot               Necr/Air       0%         N/A       100%        2
 Poisonous Vapours        Pois/Air       0%         N/A       100%        2
 Static Discharge         Conj/Air       0%         N/A       100%        2
 Dazzling Flash           Conj/Hex       0%         N/A       100%        3
 Frozen Ramparts          Ice            0%         1d2       100%        3
 Inner Flame              Hex/Fire       0%         N/A       100%        3
 Cause Fear               Hex            0%         N/A       100%        4
 Dispel Undead            Necr           0%         3d6       100%        4
 Hailstorm                Conj/Ice       0%         3d3       100%        4
 Sticky Flame             Conj/Fire      0%         2d3       100%        4
 Starburst                Conj/Fire      0%         6d3       100%        6
 Discord                  Hex            0%         N/A       100%        8
 Sandblast                Erth           Unusable   2d4       N/A         1
 Summon Small Mammal      Summ           Unusable   N/A       N/A         1
 Passwall                 Tmut/Erth      Unusable   N/A       N/A         2
 Call Canine Familiar     Summ           Unusable   N/A       N/A         3
 Gell's Gravitas          Tloc           Unusable   N/A       N/A         3
 Lesser Beckoning         Tloc           Unusable   N/A       N/A         3
 Stone Arrow              Conj/Erth      Unusable   3d7       N/A         3
 Summon Guardian Golem    Hex/Summ       Unusable   N/A       N/A         3
 Teleport Other           Tloc           Unusable   N/A       N/A         3
 Iskenderun's Mystic Bla  Conj/Tloc      Unusable   2d3       N/A         4
 Leda's Liquefaction      Hex/Erth       Unusable   N/A       N/A         4
 Alistair's Intoxication  Tmut/Pois      Unusable   N/A       N/A         5
 Borgnjor's Vile Clutch   Necr/Erth      Unusable   N/A       N/A         5
 Lee's Rapid Deconstruct  Erth           Unusable   3d5*      N/A         5
 Dispersal                Tloc           Unusable   N/A       N/A         6
 Eringya's Noxious Bog    Tmut/Pois      Unusable   N/A       N/A         6
 Statue Form              Tmut/Erth      Unusable   N/A       N/A         6

Dungeon Overview and Level Annotations

Branches:
Dungeon (15/15)            Temple (1/1) D:4            Lair (6/6) D:11
  Swamp (3/4) Lair:2       Spider (0/4) Lair:3        Slime (0/5) Lair:6
    Orc (2/2) D:9             Elf (0/3) Orc:2        Vaults (0/5) D:13
 Depths (0/4) D:15

Altars:
Ashenzari
Cheibriados
Dithmenos
Elyvilon
Fedhas
Gozag
Hepliaklqana
Kikubaaqudgha
Makhleb
Nemelex Xobeh
Okawaru
Qazlal
Ru
Sif Muna
Trog
Uskayaw
Vehumet
Wu Jian
Xom
Yredelemnul
Zin
The Shining One
Jiyva

Shops:
D:2 [   D:6 (   D:7 :!*:   Orc:2 ([*:[


Innate Abilities, Weirdness & Mutations

You are too large for most types of armour.
You have claws for hands.
Your natural rate of healing is unusually fast.
You are covered in fur. (AC +1)
You have tough skin. (AC +1)
You are weak. (Str -2)
You cannot be stealthy.
You cannot study or use magical devices.
You are hated by all.
You cannot study or cast Earth magic.
You cannot study or cast Translocations magic.
You cannot study or cast Transmutations magic.
Your casting is slightly disrupted.
You are somewhat unskilled. (-1 Apt)


Message History

You are splashed with acid!
You focus your inner power and illuminate the goliath frog in retribution!
An eleionoma comes into view.
The spriggan rider throws a curare-tipped dart.
You block the curare-tipped dart.
The spriggan rider hits you from afar with a +0 spear!!
The tyrant leech bites you!
The tyrant leech draws strength from your injuries!
The thorn hunter begins to attack, but is stunned by your conviction!
The spriggan rider hits you from afar with a +0 spear!
Found 13 poisoned darts.
You redirect the tyrant leech's attack!
The tyrant leech bites the spriggan rider.
The tyrant leech draws strength from the spriggan rider's injuries!
The goliath frog hits you but does no damage.
You see here 26 bolts.
You block the spriggan rider's attack.
The thorn hunter begins to attack, but is stunned by your conviction!
The thorn hunter gestures.
The goliath frog hits you from afar.
You are splashed with acid!
As you read the scroll of teleportation, it crumbles to dust.
You feel strangely unstable. You block the goliath frog's attack.
The goliath frog hits you from afar!
You are splashed with acid.
You focus your inner power and blind the goliath frog in retribution!
The spriggan rider hits you from afar with a +0 spear!
A death drake comes into view.
The spriggan rider hits you from afar with a +0 spear.
You focus your inner power and illuminate the spriggan rider in retribution!
The goliath frog hits you but does no damage.
A swamp dragon comes into view.
The goliath frog hits you.
You are splashed with acid!
* * * LOW HITPOINT WARNING * * *
You focus your inner power and blind the goliath frog in retribution!
The spriggan rider hits you from afar with a +0 spear!!
* * * LOW HITPOINT WARNING * * *
The spriggan rider hits you from afar with a +0 spear!!
* * * LOW HITPOINT WARNING * * *
The thorn hunter begins to attack, but is stunned by your conviction!
The goliath frog hits you!
You die...

≈≈≈♣≈≈.♣ ≈§≈≈≈†.♣ ...≈.♣.♣
)≈≈♣.♣.♣♣ >≈♣...♣.♣♣ ♣♣ ♣♣♣
♣♣♣ ≈♣.♣≈♣♣♣.♣ ♣≈♣♣.♣♣..♣.
♣.♣≈..♣≈.♣ ♣≈♣...(≈≈..
≈♣♣♣...♣)♣ ♣♣♣...≈§§≈≈.
§≈..♣♣♣.♣.♣.♣.♣w@...≈≈...
.♣.♣≈..♣♣♣.♣.♣iFiF≈.♣♣≈..♣
♣♣♣.♣ ♣.♣≈≈♣♣.♣fi≈.♣♣.≈≈≈♣♣
.♣.♣.♣ ♣.♣.♣)♣♣♣.R..♣.....♣
♣.♣.♣≈♣♣♣.♣.♣.♣≈♣k≈≈...=≈≈♣
♣♣≈♣.♣.♣.♣♣..≈.♣≈.≈.≈....≈♣
♣.≈♣♣...♣.♣.♣♣..≈.D..≈.≈≈.♣
○♣.♣.♣♣♣.♣≈♣.♣.♣i.≈.≈...≈≈♣
♣○♣.♣.♣ ♣..§♣..F.$...≈≈..♣


You could see a thorn hunter, an eleionoma, a death drake, a swamp dragon, a
tyrant leech, 3 spriggan riders and 2 goliath frogs.

Vanquished Creatures
  Rupert (Orc:2)
  Roxanne (D:15)
  An orc warlord (Orc:1)
  An eleionoma (Swamp:1)
  2 bunyips (Swamp:1)
  A dire elephant (Lair:6)
  8 hydras
  2 ice dragons (D:15)
  2 ghost crabs
  6 centaur warriors
  2 catoblepae (Lair:4)
  3 vault guards (D:13)
  Erica (D:7)
  4 two-headed ogres
  2 death knights
  A death yak (D:11)
  3 alligators
  4 orc high priests (Orc:2)
  Urug (Lair:6)
  13 spriggans
  2 skeletal warriors
  A goliath frog (Lair:2)
  A spriggan druid (Swamp:2)
  A bog body (Swamp:2)
  A phantasmal warrior (D:14)
  3 orc knights
  3 orc sorcerers
  10 ugly things
  A wolf spider (Lair:6)
  3 cyclopes
  17 elephants
  30 cane toads
  9 black mambas
  A guardian serpent (Lair:6)
  A gargoyle (D:11)
  Maggie (D:10)
  A torpor snail (Lair:1)
  4 freezing wraiths
  5 komodo dragons
  2 kobold demonologists
  3 rime drakes
  An unseen horror (D:13)
  An efreet (D:13)
  A meliai (shapeshifter) (D:15)
  7 trolls
  3 meliai (D:13)
  12 polar bears
  A bloated husk (Swamp:1)
  13 hornets
  2 tyrant leeches (Swamp:1)
  A tyrant leech (shapeshifter) (D:15)
  Prince Ribbit (D:8)
  2 slime creatures (D:12)
  8 blink frogs
  A blink frog (shapeshifter) (D:15)
  A tarantella (shapeshifter) (D:14)
  2 centaur simulacra (D:15)
  A shadow (D:11)
  19 wyverns
  6 redbacks
  48 yaks
  3 wraiths
  3 basilisks
  8 humans (D:13)
  3 steam dragons
  12 vampire mosquitoes
  5 swamp worms
  14 wargs
  2 acid dragons
  17 water moccasins
  2 swamp drakes (Swamp:2)
  16 hell hounds (Lair:6)
  33 orc warriors
  3 ice beasts
  A sky beast (D:7)
  12 black bears
  2 necrophages
  9 ogres
  2 centaurs
  23 wolves
  2 phantoms
  6 kobold brigands
  2 gnoll sergeants
  15 bullfrogs
  A wyvern zombie (D:7)
  8 scorpions
  A hornet simulacrum (D:13)
  A water moccasin skeleton (D:5)
  2 wyvern skeletons (D:7)
  11 killer bees
  10 wights
  10 electric eels
  4 crimson imps (D:4)
  4 howler monkeys
  A jelly (D:5)
  6 centaur zombies
  2 hounds
  A gnoll shaman (D:4)
  21 orc priests
  2 iguanas
  Terence (D:2)
  37 orc wizards
  9 hell rats (Lair:4)
  2 killer bee zombies (D:7)
  12 gnolls
  9 adders
  A shadow imp (D:7)
  A worm (D:3)
  A dart slug (D:4)
  87 orcs
  6 endoplasms
  6 giant cockroaches
  8 hobgoblins
  3 jackals (D:2)
  17 kobolds
  5 quokkas
  8 ball pythons
  11 bats
  4 frilled lizards
  12 goblins
  7 rats
817 creatures vanquished.

Vanquished Creatures (others)
  5 hydras
  A slime creature (D:12)
  A komodo dragon (Lair:2)
  A bloated husk (Swamp:2)
  2 wyverns
  A human (D:13)
  A hell hound (Lair:6)
  An orc warrior (Orc:1)
  A black bear (Lair:6)
  2 orcs
  A bush (Lair:6)
  50 fungi
  97 plants
164 creatures vanquished.

Grand Total: 981 creatures vanquished

Notes
Turn   | Place    | Note
-------+----------+-------------------------------------------
     0 | D:1      | Gwenloh the Troll Fighter began the quest for the Orb.
     0 | D:1      | Reached XP level 1. HP: 22/22 MP: 0/0
   169 | D:1      | Reached XP level 2. HP: 26/29 MP: 1/1
   518 | D:1      | Reached XP level 3. HP: 36/36 MP: 2/2
   838 | D:2      | Found a faded altar of an unknown god.
  1004 | D:2      | Found Irchueridgh's Antique Armour Shoppe.
  1266 | D:2      | Noticed Terence
  1277 | D:2      | Killed Terence
  1278 | D:2      | Reached skill level 3 in Unarmed Combat
  1278 | D:2      | Reached XP level 4. HP: 32/44 MP: 3/3
  1915 | D:3      | Reached skill level 1 in Throwing
  1940 | D:3      | Noticed a scorpion
  1950 | D:3      | Killed a scorpion
  1951 | D:3      | Reached XP level 5. HP: 41/53 MP: 4/4
  2197 | D:3      | Reached skill level 4 in Unarmed Combat
  2370 | D:4      | Noticed a phantom
  2388 | D:3      | Killed a phantom
  2389 | D:3      | Reached XP level 6. HP: 38/61 MP: 5/5
  2838 | D:4      | Found a staircase to the Ecumenical Temple.
  2848 | Temple   | Entered the Ecumenical Temple
  2929 | Temple   | Became a worshipper of Ru the Awakened
  3212 | Temple   | Upgraded the game from 0.28-a0-1038-g9c4cb8273d to
                  | 0.28-a0-1080-g05a166d0ed
  3234 | D:4      | Found a shimmering blue altar of Sif Muna.
  3265 | D:4      | Reached skill level 5 in Unarmed Combat
  3273 | D:4      | Reached XP level 7. HP: 41/67 MP: 6/6
  3390 | D:4      | Found a shimmering altar of Xom.
  3586 | D:5      | Entered Level 5 of the Dungeon
  3692 | D:5      | Reached skill level 6 in Unarmed Combat
  3731 | D:5      | Reached XP level 8. HP: 78/78 MP: 7/7
  3805 | D:5      | Found the +7 Singing Sword {vorpal, sonic wave}
  4069 | D:5      | Reached skill level 7 in Unarmed Combat
  4371 | D:6      | Found Jymn's Weapon Boutique.
  4435 | D:6      | Gained mutation: You cannot be stealthy. [Ru sacrifice]
  4637 | D:6      | HP: 2/79 [steam dragon (3)]
  4750 | D:6      | Reached skill level 5 in Shields
  4778 | D:6      | Reached skill level 5 in Fighting
  4778 | D:6      | Reached XP level 9. HP: 77/88 MP: 8/8
  4988 | D:7      | Found Soumnuc's Distillery.
  4996 | D:7      | Bought a potion of heal wounds for 65 gold pieces
  5015 | D:7      | Reached skill level 8 in Unarmed Combat
  5051 | D:7      | Found Otuikyku's Book Boutique.
  5114 | D:7      | Found Zifiuru's Book Emporium.
  5248 | D:7      | Reached skill level 5 in Throwing
  5383 | D:7      | Paralysed by a hornet for 1 turns
  5422 | D:7      | Reached skill level 9 in Unarmed Combat
  5624 | D:7      | Found Satwusamyq's Assorted Antiques.
  5627 | D:7      | Bought a scroll labelled IMPAQEKHLUE for 29 gold pieces
  5627 | D:7      | Bought a scroll labelled HATHIE FAINUOB for 29 gold pieces
  5749 | D:7      | Identified the +8 chain mail of Somewhere Else {Int+3}
  5915 | D:7      | Reached XP level 10. HP: 63/98 MP: 9/9
  6334 | D:7      | Reached skill level 10 in Unarmed Combat
  6457 | D:8      | Noticed Prince Ribbit
  6467 | D:8      | Killed Prince Ribbit
  6478 | D:8      | Noticed Erica
  6531 | D:7      | Killed Erica
  6675 | D:8      | Gained mutation: You are weak. (Str -2) [Ru sacrifice]
  6675 | D:8      | Reached * piety under Ru
  6992 | D:9      | Noticed a two-headed ogre
  7097 | D:8      | Killed a two-headed ogre
  7187 | D:9      | Found a staircase to the Orcish Mines.
  7360 | D:9      | Reached skill level 11 in Unarmed Combat
  7370 | D:9      | Reached XP level 11. HP: 67/107 MP: 10/10
  7500 | D:9      | Noticed a two-headed ogre
  7594 | D:9      | Killed a two-headed ogre
  8133 | D:10     | Entered Level 10 of the Dungeon
  8521 | D:10     | Noticed Maggie
  8529 | D:10     | Killed Maggie
  8555 | D:10     | Found the +13 scythe of Curses {drain, Drain}
  9551 | D:10     | Noticed a two-headed ogre
  9556 | D:10     | Killed a two-headed ogre
  9557 | D:10     | Reached skill level 12 in Unarmed Combat
  9812 | D:10     | Gained mutation: You are somewhat unskilled. (-1 Apt) [Ru
                  | sacrifice]
  9812 | D:10     | Reduced skill Unarmed Combat to level 11
  9812 | D:10     | Reached ** piety under Ru
 10159 | D:11     | Found a staircase to the Lair.
 10200 | D:11     | Noticed a death yak
 10216 | D:11     | Killed a death yak
 10394 | D:11     | Reached XP level 12. HP: 110/118 MP: 11/11
 10745 | Lair:1   | Entered Level 1 of the Lair of Beasts
 11095 | Lair:1   | Reached skill level 12 in Unarmed Combat
 12470 | Lair:2   | Found a staircase to the Swamp.
 12561 | Lair:2   | Gained mutation: You cannot study or use magical devices.
                  | [Ru sacrifice]
 12561 | Lair:2   | Reached *** piety under Ru
 12561 | Lair:2   | Reached **** piety under Ru
 12561 | Lair:2   | Reached ***** piety under Ru
 12725 | Lair:2   | Found a bloodstained altar of Trog.
 13320 | Lair:3   | Noticed a seven-headed hydra
 13325 | Lair:3   | Killed an eight-headed hydra
 13408 | Lair:3   | Identified the -8 kite shield of Biefaed {Str+4}
 13516 | Lair:3   | Found a hole to the Spider Nest.
 13646 | Lair:3   | Reached skill level 13 in Unarmed Combat
 13793 | Lair:3   | Noticed a four-headed hydra
 13799 | Lair:3   | Killed a four-headed hydra
 14159 | Lair:4   | Reached XP level 13. HP: 103/127 MP: 12/12
 14653 | Lair:4   | Gained mutation: Your casting is slightly disrupted. [Ru
                  | sacrifice]
 15811 | Lair:5   | Reached skill level 14 in Unarmed Combat
 16434 | Lair:6   | Entered Level 6 of the Lair of Beasts
 16789 | Lair:6   | Noticed Urug
 16942 | Lair:6   | Killed Urug
 17259 | Lair:6   | Reached XP level 14. HP: 123/137 MP: 13/13
 17611 | Lair:6   | Found a viscous altar of Jiyva.
 17611 | Lair:6   | Found a staircase to the Slime Pits.
 18190 | Lair:6   | Reached skill level 15 in Unarmed Combat
 19395 | D:11     | Identified the +6 hand axe "Immec" {drain, Will+ MP+9 SInv}
 19501 | Orc:1    | Entered Level 1 of the Orcish Mines
 19586 | D:9      | Reached skill level 10 in Throwing
 19930 | Orc:2    | Entered Level 2 of the Orcish Mines
 20150 | Orc:2    | Noticed an orc warlord
 20424 | Orc:2    | Noticed Rupert
 20437 | Orc:2    | Found Wulick's Antique Armour Shop.
 20447 | Orc:2    | Found a staircase to the Elven Halls.
 20596 | Orc:2    | Killed Rupert
 20982 | Orc:1    | Killed an orc warlord
 20983 | Orc:1    | Reached XP level 15. HP: 125/149 MP: 14/14
 21228 | Orc:2    | Found Qiemum's Antique Armour Emporium.
 21229 | Orc:2    | Found Sufifack's Antique Weapon Emporium.
 21231 | Orc:2    | Found Gimaolyd's General Store.
 21231 | Orc:2    | Found Daptifuo's Book Shoppe.
 21969 | D:12     | Reached skill level 10 in Shields
 22123 | D:12     | Reached skill level 16 in Unarmed Combat
 22677 | D:13     | Reached skill level 10 in Fighting
 23533 | D:13     | Gained mutation: You cannot study or cast Earth magic. [Ru
                  | sacrifice]
 23533 | D:13     | Gained mutation: You cannot study or cast Transmutations
                  | magic. [Ru sacrifice]
 23533 | D:13     | Gained mutation: You cannot study or cast Translocations
                  | magic. [Ru sacrifice]
 23540 | D:13     | Found a gate to the Vaults.
 24817 | D:15     | Entered Level 15 of the Dungeon
 24841 | D:15     | Noticed Roxanne
 25343 | D:15     | Found a staircase to the Depths.
 25562 | D:15     | Killed Roxanne
 25718 | Swamp:1  | Entered Level 1 of the Swamp
 26190 | Swamp:1  | Gained mutation: You are hated by all. [Ru sacrifice]
 26190 | Swamp:1  | Reached ****** piety under Ru
 26536 | Swamp:1  | Reached skill level 17 in Unarmed Combat
 26865 | Swamp:2  | Reached XP level 16. HP: 142/161 MP: 15/15
 27069 | Swamp:2  | You are sucked into a shaft and drop 1 floor!
 27207 | Swamp:2  | Noticed a thorn hunter
 27223 | Swamp:2  | HP: 7/161 [spriggan rider (21)]
 27223 | Swamp:2  | Slain by a goliath frog

Illustrated notes

Levels and vault maps discovered:
D:1:      ncdulo_watergridlock, layout_basic
D:2:      layout_loops_corners, serial_shops, nicolae_shop_crystal,
          chequers_ecumenical_altar_twisty, minmay_pentomino_z2, uniq_terence
D:3:      layout_loops_ring
D:4:      layout_basic, led_xom_imps, mainiacjoe_overflow_cross_hatched,
          minmay_temple_entry_mist
D:5:      old_forge, layout_rooms
D:6:      layout_loops_ring, serial_shops, nicolae_shop_bloodbath_and_beyond
D:7:      layout_rooms, serial_shops, nicolae_take_the_stairs, kennysheep_mini,
          nicolae_shop_temple_entry_statues_fountains,
          nicolae_shop_competitors_out_of_business,
          hangedman_abyss_or_decor_passed, minmay_bent
D:8:      layout_rooms, uniq_prince_ribbit1, uniq_erica
D:9:      layout_basic, david_orc_2
D:10:     erik_rubicon_a, layout_rooms, uniq_maggie
D:11:     layout_stronghold, david_lair_generic, serial_bayou_pond_c,
          nicolae_sextant
D:12:     layout_irregular_city
D:13:     layout_layer_cave, ximxim_vaults_locker_room, patterned_corridor
D:14:     layout_irregular_city, enter_bailey_4
D:15:     grunt_enter_depths_hoard, layout_cave_pools, minmay_misc_feat_pillars,
          uniq_roxanne
Temple:   mainiacjoe_temple_cubbyholes
Lair:1:   wad_woods_structure_01, layout_regular_city, beast_lair_carwin_8,
          grunt_megastairs_4
Lair:2:   layout_regular_city, minmay_swamp_entry_worms, serial_forest,
          infiniplex_forest_diagonal, infiniplex_forest_end_1,
          infiniplex_forest_clump_curved, infiniplex_forest_lined_4_way,
          infiniplex_forest_lined_corner, infiniplex_forest_straight_3,
          infiniplex_forest_lined_3, infiniplex_forest_join,
          infiniplex_forest_corner_2, basic_altar, infiniplex_staircase_pool
Lair:3:   layout_cave_pods, spider_nest_entry_funnel_web
Lair:4:   layout_gridlike
Lair:5:   layout_gridlike, serial_bayou_shore_b
Lair:6:   hangedman_lair_tendril_chambers, layout_cave_pods,
          hangedman_lair_caniforms_friends, dpeg_slime_entry_enclosed_altar,
          infiniplex_staircase_pool_2, uniq_urug
Swamp:1:  layout_basic_swamp, evilmike_swamp_ruin_house_4, swamp_pool3
Swamp:2:  layout_falls_marsh, nicolae_swamp_dense_foliage
Swamp:3:  layout_basic_swamp, evilmike_swamp_ruin_house_1, uniq_mara
Orc:1:    layout_caves
Orc:2:    st_orc_congregation, layout_caves, serial_shops, shop,
          nooodl_orcs_dogs, uniq_rupert

Skill      XL: |  1  2  3  4  5  6  7  8  9 10 11 12 13 14 15 |
---------------+----------------------------------------------+-----
Unarmed Combat | 3 4 5 6 7 9 11 11 13 14 15 17 | 17.1
Throwing       | 1 2 3 4 5 6 7 8 9 10 11 | 11.3
Fighting       | 3 4 5 6 7 8 9 10 | 10.6
Shields        | 3 4 5 6 7 8 9 10 | 10.7
Dodging        | |  2.3

Action                   |  1- 3 |  4- 6 |  7- 9 | 10-12 | 13-15 | 16-18 || total
-------------------------+-------+-------+-------+-------+-------+-------++-------
Melee: Unarmed           |    90 |   129 |   278 |   765 |  1368 |    28 ||  2658
Throw: Stone             |    77 |    93 |   165 |   216 |   190 |       ||   741
       Dart              |       |       |       |    26 |       |       ||    26
       Javelin           |       |       |       |    15 |    27 |       ||    42
       Boomerang         |       |       |       |    28 |   407 |     8 ||   443
       Large rock        |       |       |       |       |     3 |    10 ||    13
Invok: Sacrifice Stealth |       |       |     1 |       |       |       ||     1
       Sacrifice Purity  |       |       |       |     1 |       |       ||     1
       Sacrifice Skill   |       |       |       |     1 |       |       ||     1
       Sacrifice Artific |       |       |       |     1 |       |       ||     1
       Power Leap        |       |       |       |       |     2 |       ||     2
       Apocalypse        |       |       |       |       |     2 |       ||     2
       Sacrifice Essence |       |       |       |       |     1 |       ||     1
       Draw Out Power    |       |       |       |       |     5 |       ||     5
       Reject Sacrifices |       |       |       |       |     1 |       ||     1
       Sacrifice Love    |       |       |       |       |     1 |       ||     1
       Sacrifice Arcana  |       |       |       |       |     1 |       ||     1
Evoke: Wand              |       |       |       |    38 |       |       ||    38
  Use: Scroll            |       |       |     6 |    10 |    10 |     1 ||    27
       Potion            |       |       |       |     3 |     5 |       ||     8
 Stab: Held in net/web   |       |       |     2 |       |       |       ||     2
       Petrified         |       |       |       |     2 |     1 |       ||     3
       Distracted        |       |       |       |     1 |    11 |       ||    12
       Invisible         |       |       |       |     2 |    15 |       ||    17
       Paralysed         |       |       |       |       |     8 |       ||     8
Armor: Robe              |    32 |    25 |    33 |       |       |       ||    90
       Steam dragon scal |       |       |    30 |   114 |   326 |       ||   470
       Ice dragon scales |       |       |       |       |    40 |     6 ||    46
Dodge: Dodged            |    24 |    30 |    97 |   187 |   273 |    10 ||   621
Block: Kite shield       |    29 |    55 |   135 |   220 |       |       ||   439
       Tower shield      |       |       |       |    33 |  1164 |    24 ||  1221
       Reflection        |       |       |       |       |    32 |       ||    32

Table legend: (Time is in decaauts)
 A = Elapsed time spent in this place.
 B = Non-inter-level travel time spent in this place.
 C = Inter-level travel time spent in this place.
 D = Time resting spent in this place.
 E = Time spent auto-exploring this place.
 F = Levels seen in this place.
 G = Mean time per level.
                   A        B        C        D        E       F      G
               +--------+--------+--------+--------+--------+-----+--------+
         Total |  27150 |  25599 |   1551 |   1752 |  16701 |  27 | 1005.6 |
       Dungeon |  14720 |  13924 |    796 |    918 |   9483 |  15 |  981.3 |
        Temple |    364 |    312 |     52 |      0 |    298 |   1 |  364.0 |
          Lair |   8879 |   8286 |    593 |    354 |   5628 |   6 | 1479.8 |
         Swamp |   1197 |   1169 |     28 |     44 |    593 |   3 |  399.0 |
  Orcish Mines |   1987 |   1906 |     81 |    436 |    699 |   2 |  993.5 |
               +--------+--------+--------+--------+--------+-----+--------+

Top non-repeatable levels by time:
  Lair:6: 2659 daAuts
  Lair:1: 1632 daAuts
    D:10: 1554 daAuts
     D:9: 1453 daAuts
    D:13: 1449 daAuts
  Lair:2: 1297 daAuts
  Lair:5: 1296 daAuts
     D:7: 1212 daAuts
  Lair:4: 1106 daAuts
    D:11: 1076 daAuts
   Orc:1: 1050 daAuts
     D:2: 975 daAuts
   Orc:2: 936 daAuts
  Lair:3: 887 daAuts
    D:12: 853 daAuts
